 Dungeon Crawl Stone Soup version 0.16-a0-3873-g452e4d5 (console) character file.

2381 Monkaria the Cleaver (level 9, -2/71 HPs)
             Began as a Hill Orc Fighter on Feb 1, 2015.
             Was a Priest of Makhleb.
             Slain by a hill giant
             ... wielding a +0 giant club
              (26 damage)
             ... on level 10 of the Dungeon.
             The game lasted 00:12:33 (5646 turns).

Monkaria the Cleaver (Hill Orc Fighter)             Turns: 5646, Time: 00:12:33

Health: -2/71      AC: 11    Str: 27    XL:     9   Next: 45%
Magic:  9/9        EV:  8    Int: 13    God:    Makhleb [***...]
Gold:   319        SH: 10    Dex: 10    Spells: 0 memorised, 8 levels left

rFire  + . .     SeeInvis .     a - +0 war axe
rCold  . . .     Clarity  .     y - +4 ring mail of Hadjma {rF+}
rNeg   . . .     SustAb   .     c - +0 shield
rPois  .         Gourm    .     (no helmet)
rElec  .         Spirit   .     (no cloak)
rCorr  .         Warding  .     (no gloves)
rMut   .         Stasis   .     p - +0 pair of boots
MR     .....                    (no amulet)
Stlth  ..........               (no ring)
                                w - +5 ring of intelligence

@: mighty, not resistant to hostile enchantments, extremely unstealthy
A: no striking features
a: Minor Destruction, Lesser Servant of Makhleb, Renounce Religion


You were on level 10 of the Dungeon.
You worshipped Makhleb.
Makhleb was most pleased with you.
You were not hungry.

You visited 2 branches of the dungeon, and saw 9 of its levels.

You collected 319 gold pieces.

Inventory:

Hand weapons
 a - a +0 war axe (weapon)
 v - a +0 blowgun
Missiles
 n - 55 poisoned needles
Armour
 c - a +0 shield (worn)
 p - a +0 pair of boots (worn)
 y - the +4 ring mail of Hadjma (worn) {rF+}
   (You found it on level 4 of the Dungeon)

   It protects you from fire.
Jewellery
 w - a +5 ring of intelligence (left hand)
Magical devices
 b - a wand of magic darts (23)
 A - a wand of magic darts (6)
 B - a wand of fireball (4)
 C - a wand of fireball (5)
 G - a wand of invisibility (7)
Scrolls
 f - 3 scrolls of blinking {unknown}
 g - 2 scrolls of enchant weapon {unknown}
 i - 8 scrolls of remove curse {unknown}
 j - 8 scrolls of identify {unknown}
 m - 2 scrolls of fog {unknown}
 o - 2 scrolls of enchant armour {unknown}
 q - a scroll of random uselessness {unknown}
 s - 2 scrolls of fear {unknown}
 t - 2 scrolls of teleportation {unknown}
 E - a scroll of immolation {unknown}
 H - 4 scrolls of recharging {unknown}
 J - 2 scrolls of amnesia {unknown}
 K - a scroll of magic mapping {unknown}
Potions
 h - 3 potions of curing
 x - 2 potions of resistance
 D - a potion of brilliance {unknown}
 F - a potion of agility {unknown}
 L - a potion of poison {unknown}
Comestibles
 d - 6 meat rations
 k - 3 royal jellies
 l - 4 bread rations
 r - 4 fruits
 u - a slice of pizza
 z - a beef jerky


   Skills:
 - Level 4.0 Fighting
 + Level 13.7 Axes
 - Level 7.2 Armour
 - Level 3.2 Shields


You had 8 spell levels left.
You didn't know any spells.

Dungeon Overview and Level Annotations

Branches:
Dungeon (10/15)            Temple (1/1) D:4
   Lair: D:8-11         Orc: D:9-12

Altars:
Ashenzari
Cheibriados
Dithmenos
Elyvilon
Fedhas
Gozag
Kikubaaqudgha
Makhleb
Nemelex Xobeh
Qazlal
Ru
Trog
Xom
Yredelemnul
Zin


Message History

Firing (i - inventory):
n - 56 poisoned needles (quivered)
Press: ? - help, Shift-Dir - straight line, f/p - hill giant
Aim: a hill giant, wielding a giant club (lightly wounded, poisoned)
You shoot a poisoned needle.
The poisoned needle completely misses the hill giant.
The hill giant hits you with a giant club!!
Wield which item (- for none, * to show all)? (? for menu, Esc to quit)
a - a +0 war axe (weapon)
Drink which item? (? for menu, Esc to quit)
You feel very mighty all of a sudden. You block the hill giant's attack.
You barely miss the hill giant.
The hill giant is moderately wounded.
You slash the hill giant!
The hill giant is heavily wounded.
The hill giant hits you with a giant club!!
You slash the hill giant!
The hill giant is severely wounded.
The hill giant hits you with a giant club!!
You die...

(... ..(.. # . . ..(. ..
#.#.## ... .###.# #.#...
(. .... .
#.#..####.##.##..##.#
#.#..#................
#.#..#<.#.# #C........
#.#..#....# #@........
###.#.......###.........
#........#..............
#.............#........
#........##...#........
#.............#.<.)....
###.#.................
#.#..>......#####.#
####.#.........# .


You could see a hill giant.

Vanquished Creatures
  Pikel (D:6)
  Edmund (D:5)
  A slave (D:6)
  2 ogres (D:4)
  An ice beast (D:10)
  2 orc warriors (D:6)
  2 centaurs
  A phantom (D:5)
  Sigmund (D:5)
  A giant frog (D:6)
  Blork the orc (D:5)
  A wyvern skeleton (D:6)
  A scorpion (D:4)
  3 crimson imps
  A gnoll shaman (D:6)
  2 orc priests
  5 orc wizards
  2 giant frog skeletons
  A hound (D:4)
  A jelly (D:5)
  3 worker ants
  An iguana (D:5)
  Ijyb (D:2)
  A hound skeleton (D:6)
  3 gnolls (D:6)
  6 adders
  A giant mite (D:3)
  An adder skeleton (D:4)
  6 giant geckos
  29 orcs
  A ball python (D:4)
  2 bat skeletons (D:5)
  A giant cockroach (D:2)
  16 goblins
  22 hobgoblins
  15 jackals
  8 kobolds
  8 bats
  2 giant gecko skeletons
  4 giant newts
  5 quokkas
  A quokka skeleton (D:5)
  14 rats
  A plant (D:3)
183 creatures vanquished.

Notes
Turn   | Place    | Note
--------------------------------------------------------------
     0 | D:1      | Monkaria, the Hill Orc Fighter, began the quest for the Orb.
     0 | D:1      | Reached XP level 1. HP: 19/19 MP: 1/1
   133 | D:1      | Reached XP level 2. HP: 18/27 MP: 2/2
   135 | D:1      | Reached skill level 4 in Fighting
   467 | D:1      | Reached XP level 3. HP: 31/33 MP: 3/3
   933 | D:2      | Noticed Ijyb
   943 | D:2      | Killed Ijyb
   943 | D:2      | Reached skill level 5 in Axes
   943 | D:2      | Reached XP level 4. HP: 33/40 MP: 4/4
  1777 | D:4      | Noticed an ogre
  1799 | D:4      | Killed an ogre
  1799 | D:4      | Reached skill level 7 in Axes
  1799 | D:4      | Reached XP level 5. HP: 31/46 MP: 5/5
  1930 | D:4      | Reached XP level 6. HP: 35/52 MP: 6/6
  2009 | D:4      | Noticed an ogre
  2015 | D:4      | Killed an ogre
  2015 | D:4      | Reached skill level 8 in Axes
  2084 | D:4      | Found a staircase to the Ecumenical Temple.
  2155 | Temple   | Entered the Ecumenical Temple
  2320 | Temple   | Became a worshipper of Makhleb the Destroyer
  2374 | D:4      | Reached skill level 9 in Axes
  2521 | D:4      | Reached XP level 7. HP: 24/59 MP: 7/7
  2941 | D:4      | Got a dazzling ring mail
  2952 | D:4      | Identified the +4 ring mail of Hadjma {rF+} (You found it on level 4 of the Dungeon)
  3035 | D:4      | Found a blossoming altar of Fedhas.
  3038 | D:4      | Found an ancient bone altar of Kikubaaqudgha.
  3044 | D:4      | Found a white marble altar of Elyvilon.
  3104 | D:4      | Acquired Makhleb's first power
  3104 | D:4      | Reached skill level 5 in Armour
  3241 | D:5      | Entered Level 5 of the Dungeon
  3442 | D:5      | Noticed Edmund
  3464 | D:5      | HP: 1/59 [Edmund/wand of magic darts (8)]
  3471 | D:5      | Killed Edmund
  3471 | D:5      | Reached XP level 8. HP: 17/66 MP: 8/8
  3810 | D:5      | Noticed Blork the orc
  3835 | D:5      | Killed Blork the orc
  3835 | D:5      | Acquired Makhleb's second power
  3933 | D:5      | Noticed Sigmund
  3966 | D:5      | Killed Sigmund
  3966 | D:5      | Reached skill level 10 in Axes
  4557 | D:6      | Noticed Pikel
  4605 | D:6      | Killed Pikel
  4605 | D:6      | Reached skill level 12 in Axes
  4605 | D:6      | Reached XP level 9. HP: 71/71 MP: 9/9
  4898 | D:6      | Acquired Makhleb's third power
  5142 | D:6      | Reached skill level 13 in Axes
  5380 | D:7      | Found an opulent altar of Gozag.
  5506 | D:7      | You fall through a shaft for 3 floors!
  5506 | D:10     | Entered Level 10 of the Dungeon
  5634 | D:10     | Noticed a hill giant
  5646 | D:10     | Slain by a hill giant

Action                   |  1- 3 |  4- 6 |  7- 9 || total
-------------------------+-------+-------+-------++-------
Melee: War axe           |   106 |   196 |   345 ||   647
 Fire: Blowgun           |       |       |     5 ||     5
Evoke: Wand              |       |       |     1 ||     1
  Use: Potion            |       |     1 |     6 ||     7
  Eat: Chunk             |       |     6 |    10 ||    16
